 Dungeon Crawl Stone Soup version 0.28.0 (webtiles) character file.

Game seed: 13957791415467154135

1029 Ajdolov the Cleaver (level 8, 0/58 HPs)
             Began as a Formicid Fighter on Feb 15, 2022.
             Slain by an ogre (22 damage)
             ... on level 5 of the Dungeon.
             The game lasted 00:08:41 (5146 turns).

Ajdolov the Cleaver (Formicid Fighter)              Turns: 5146, Time: 00:08:42

Health: 0/58       AC: 11    Str: 22    XL:     8   Next: 47%
Magic:  8/8        EV: 10    Int:  9    God:
Gold:   109        SH:  4    Dex: 10    Spells: 7/7 levels left

rFire   . . .      SeeInvis +   a - +0 war axe
rCold   . . .      Faith    .   c - +0 buckler
rNeg    . . .      Spirit   .   j - +0 plate armour
rPois   .          Reflect  .   (helmet unavailable)
rElec   .          Harm     .   (no cloak)
rCorr   .          Rampage  .   (no gloves)
Will    .....                   (no boots)
Stlth   ..........              (no amulet)
HPRegen 0.19/turn               i - +4 ring of evasion
MPRegen 0.11/turn               (no ring)

@: no status effects
A: permanent stasis, dig shafts and tunnels, antennae 3, four strong arms
a: Dig, Shaft Self


You were on level 5 of the Dungeon.
You visited 1 branch of the dungeon, and saw 5 of its levels.

You collected 109 gold pieces.

Inventory:

Hand Weapons
 a - a +0 war axe (weapon)
Armour
 c - a +0 buckler (worn)
 j - a +0 plate armour (worn)
Jewellery
 i - a +4 ring of evasion (left hand)
Scrolls
 b - 3 scrolls of vulnerability {unknown}
 f - 2 scrolls of teleportation {unknown}
 g - 3 scrolls of identify {unknown}
 h - a scroll of fog {unknown}
 m - a scroll of amnesia {unknown}
 n - a scroll of noise {unknown}
Potions
 d - a potion of might
 e - a potion of heal wounds {unknown}
 k - a potion of flight {unknown}
 l - a potion of curing {unknown}
 o - a potion of cancellation {unknown}


   Skills:
 - Level 3.2 Fighting
 * Level 9.6 Axes
 - Level 3.2 Armour
 - Level 3.6 Shields


You had 7 spell levels left.
You didn't know any spells.
Your spell library contained the following spells:

 Spells                   Type           Power      Damage    Failure   Level
 Pain                     Necr           0%         1d4       100%        1
 Agony                    Necr           0%         N/A       100%        5
 Excruciating Wounds      Necr           0%         N/A       100%        5


Dungeon Overview and Level Annotations

Branches:
Dungeon (5/15)
 Temple: D:4-7

Altars:
Beogh
Lugonu

Portals:
Abyss: D:3

Annotations:
D:4 3 runed translucent doors, anonymous's ghost, novice NaGl


Innate Abilities, Weirdness & Mutations

You cannot be hasted, slowed, berserked, paralysed or teleported.
You can dig through walls and to a lower floor.
You have a pair of large antennae on your head. (SInv)
Your four strong arms can wield two-handed weapons with a shield.


Message History

You block the adder's attack.
You hit the adder.
The adder is severely wounded.
The adder bites you but does no damage. The adder barely misses you.
You barely miss the adder.
The adder is severely wounded.
The adder bites you but does no damage.
You miss the adder.
The adder is severely wounded.
The adder barely misses you.
You hit the adder.
You kill the adder!
You see here an adder corpse.
p - the ring of Idworadd {*Slow rPois rC+ rN+ rCorr}
Okay, then.
You drop the ring of Idworadd {*Slow rPois rC+ rN+ rCorr}.
You sense a monster nearby.
A hound comes into view.
The hound barks!
You hear a shout! x2
An ogre comes into view. It is wielding a +0 giant club.
The hound closely misses you.
You slice the hound!!
You kill the hound!
You barely miss the ogre.
The ogre hits you with a +0 giant club!!
You hit the ogre.
The ogre is lightly wounded.
The ogre hits you but does no damage.
You slash the ogre!
The ogre is moderately wounded.
You block the ogre's attack.
You hit the ogre.
The ogre is moderately wounded.
The ogre hits you with a +0 giant club!
You slash the ogre!
The ogre is almost dead.
You hit the ogre.
The ogre is almost dead.
The ogre hits you with a +0 giant club!!
You die...

####...##### #....#.##.......##
............###....#.#........##
..........(..##.##.#..........#
..............##......#........#
..####...####†#####.###........#
. #...# #.# #.# #........##
#...# #=# #.# #.####..... #...#
#.#####.###.# #.#### ...#
#...@O......# #.#### #.#
#######.##### #.#... #.# #.#.##
#.......# #.# # #.##.##.# . {
{#. ... ## #. ##. #. # #.


You could see an ogre.

Vanquished Creatures
  Grinder (D:3)
  An ice beast (D:4)
  2 black bears
  An ogre (D:5)
  A water moccasin zombie (D:5)
  A howler monkey (D:4)
  2 hounds (D:5)
  An orc priest (D:4)
  A bullfrog skeleton (D:4)
  An iguana (D:4)
  2 orc wizards
  A killer bee zombie (D:5)
  Robin (D:3)
  5 adders
  2 worms
  5 dart slugs
  9 orcs
  5 endoplasms
  2 giant cockroaches (D:2)
  13 goblins
  4 hobgoblins
  6 jackals (D:1)
  7 kobolds
  3 quokkas
  5 ball pythons
  5 bats
  4 frilled lizards
  5 rats
  A lurking horror (D:3)
97 creatures vanquished.

Vanquished Creatures (others)
  A lurking horror (D:3)
1 creature vanquished.

Grand Total: 98 creatures vanquished

Notes
Turn   | Place    | Note
-------+----------+-------------------------------------------
     0 | D:1      | Ajdolov the Formicid Fighter began the quest for the Orb.
     0 | D:1      | Reached XP level 1. HP: 18/18 MP: 1/1
   220 | D:1      | Reached XP level 2. HP: 24/24 MP: 2/2
   310 | D:1      | Found a faded altar of an unknown god.
   325 | D:1      | Reached skill level 3 in Axes
   435 | D:1      | Reached XP level 3. HP: 24/29 MP: 3/3
  1067 | D:2      | Reached skill level 4 in Axes
  1067 | D:2      | Reached XP level 4. HP: 27/35 MP: 4/4
  1896 | D:2      | Reached XP level 5. HP: 13/41 MP: 5/5
  2130 | D:3      | Reached skill level 5 in Axes
  2674 | D:3      | Noticed Grinder
  2695 | D:3      | Killed Grinder
  2696 | D:3      | Reached skill level 6 in Axes
  2696 | D:3      | Reached XP level 6. HP: 27/47 MP: 6/6
  2865 | D:3      | Found a corrupted altar of Lugonu.
  2887 | D:3      | Noticed Robin
  3228 | D:3      | Found a one-way gate to the infinite horrors of the Abyss.
  3261 | D:3      | Killed Robin
  3262 | D:3      | Reached XP level 7. HP: 52/52 MP: 7/7
  3497 | D:4      | Reached skill level 7 in Axes
  3855 | D:4      | Reached skill level 8 in Axes
  4079 | D:4      | Found a runed translucent gate.
  4080 | D:4      | Found a runed translucent gate.
  4081 | D:4      | Found a runed translucent gate.
  4083 | D:4      | Noticed anonymous's ghost (novice NaGl)
  4270 | D:4      | Reached XP level 8. HP: 56/58 MP: 8/8
  4417 | D:5      | Entered Level 5 of the Dungeon
  4697 | D:5      | Reached skill level 9 in Axes
  5122 | D:5      | Identified the ring of Idworadd {*Slow rPois rC+ rN+ rCorr}
  5146 | D:5      | Slain by an ogre

Illustrated notes

Levels and vault maps discovered:
D:1:      eino_arrival_druids_welcome, layout_basic, basic_ecumenical_altar
D:2:      layout_basic
D:3:      layout_rooms, amcnicky_altar_lugonu_corruption, uniq_grinder,
          uniq_robin
D:4:      layout_gridville, biasface_ghost_orc_armoury, columned_hall_lemuel,
          minmay_misc_feat_five
D:5:      layout_loops_cross

Skill      XL: |  1  2  3  4  5  6  7  8 |
---------------+-------------------------+-----
Axes           | 3 4 6 8 9 |  9.6
Fighting       | |  3.2
Armour         | |  3.2
Shields        | |  3.6

Action                   |  1- 3 |  4- 6 |  7- 9 || total
-------------------------+-------+-------+-------++-------
Melee: War axe           |    73 |   118 |   100 ||   291
Armor: Scale mail        |    34 |    41 |       ||    75
       Plate armour      |       |    25 |    50 ||    75
Dodge: Dodged            |    25 |    58 |    56 ||   139
Block: Buckler           |    16 |    27 |    20 ||    63
